Inferno vs Sewer Rats
(R3)
Created - May 17, 2019 at 23:37
Goals
|
| Inferno |
2 |
2 |
1 |
5 |
| Sewer Rats |
2 |
6 |
0 |
8 |
|
Shots
|
| Inferno |
17 |
11 |
6 |
34 |
| Sewer Rats |
11 |
18 |
9 |
38 |
|
1st period
1. Sewer Rats , Mark Mancari 4 (Matt Lashoff 4) at 5:03
2. Inferno , Kyle Palmieri 1 (Vladimir Sobotka 3, Esa Lindell 3) at 7:09
3. Sewer Rats , Erik Condra 2 (Jonathan Marchessault 2) at 9:38 (PP)
4. Inferno , Tanner Pearson 4 (Christian Folin 3, Anders Lee 4) at 15:20 (PP)
Penalties :
Greg Pateryn (Anc) for Interference (Minor) at 9:21, Mark Mancari (Tol) for High sticking (Minor) at 13:40, Tyler Shattock (Anc) for High sticking (Minor) at 15:26
2nd period
5. Sewer Rats , Mark Mancari 5 (Tomas Tatar 2, Nick Cousins 2) at 1:43
6. Sewer Rats , Mark Mancari 6 (Tomas Tatar 3, William Karlsson 3) at 8:14
7. Inferno , Christian Folin 2 (Anders Lee 5) at 9:10 (PP)
8. Sewer Rats , Joseph Blandisi 1 (Connor Carrick 1) at 11:25
9. Sewer Rats , Jonathan Marchessault 2 (Nick Cousins 3) at 12:51 (PP)
10. Sewer Rats , Tomas Tatar 6 (Mark Mancari 5, Joel Edmundson 2) at 14:52 (PP)
11. Inferno , Tanner Pearson 5 (Simon Danis-Pepin 1, Esa Lindell 4) at 16:31 (PP)
12. Sewer Rats , Nick Cousins 2 (Jarred Tinordi 1, William Karlsson 4) at 17:46
Penalties :
Anthony Duclair (Tol) for Hooking (Minor) at 3:15, Vincent Trocheck (Tol) for Hooking (Minor) at 8:37, Matt Lashoff (Tol) for Tripping (Minor) at 9:03, Vladimir Sobotka (Anc) for Kneeing (Minor) at 11:28, Simon Danis-Pepin (Anc) for Hooking (Minor) at 13:49, Martin Frk (Tol) for Hooking (Minor) at 15:48, Kyle Palmieri (Anc) for Hooking (Minor) at 17:51
3rd period
13. Inferno , Oliver Bjorkstrand 1 (Anders Lee 6, Esa Lindell 5) at 5:39 (PP)
Penalties :
Mark Mancari (Tol) for High sticking (Minor) at 1:32, Esa Lindell (Anc) for Slashing (Minor) at 2:38, Tomas Tatar (Tol) for Slashing (Minor) at 5:14, Tyler Shattock (Anc) for Holding (Minor) at 6:47, Kyle Palmieri (Anc) for Tripping (Minor) at 11:50, Vladimir Sobotka (Anc) for Interference (Minor) at 14:41, Matthew Nieto (Anc) for Hooking (Minor) at 18:41
Goalie Stats
Christopher Gibson (Anc), 20 saves from 24 shots - (0.833), 50:28 minutes
Michael Hutchinson (Anc), 10 saves from 14 shots - (0.714), L, 0-1-0, 9:32 minutes
Marek Mazanek (Tol), 29 saves from 34 shots - (0.853), W, 3-2-0, 60:00 minutes
Players Stats for Inferno
Player Name G A P +/- PIM S H SB GA TA FO MP PP MP PK MP
------------------------------------------------------------------------------------
Anders Lee 0 3 3 0 0 6 0 0 0 0 13/33 19:48 5:40 3:57
Bryan Rust 0 0 0 0 0 2 1 1 0 0 0/1 20:10 0:00 9:03
Christian Folin 1 1 2 -1 0 2 0 0 0 2 0/0 16:21 4:58 0:00
Colby Robak 0 0 0 -1 0 3 2 0 0 2 0/0 27:34 0:00 9:06
David Savard 0 0 0 -1 0 2 3 3 1 2 0/0 32:33 4:58 9:06
Esa Lindell 0 3 3 -2 2 1 0 0 0 1 0/0 10:27 3:19 0:30
Greg Pateryn 0 0 0 -2 2 0 0 1 1 0 0/0 12:38 0:00 5:39
Kyle Palmieri 1 0 1 -1 4 5 2 0 1 1 0/0 14:33 2:23 0:00
Matt Kassian 0 0 0 -1 0 1 1 0 0 2 1/1 12:09 0:00 3:43
Matthew Nieto 0 0 0 0 2 0 0 0 0 0 0/0 14:17 2:10 2:16
Oliver Bjorkstrand 1 0 1 -2 0 3 1 0 0 0 0/1 10:58 5:55 0:00
Peter Cehlarik 0 0 0 -2 0 0 0 0 0 0 0/0 5:06 0:08 0:00
Philip Varone 0 0 0 -1 0 1 3 0 0 0 5/12 13:18 0:15 4:26
Simon Danis-Pepin 0 1 1 -1 2 0 2 1 0 1 0/0 20:47 3:20 5:43
Tanner Pearson 2 0 2 -1 0 7 1 0 1 0 0/1 17:50 6:00 0:00
Tyler Shattock 0 0 0 -1 4 1 0 0 0 0 0/0 8:28 0:00 0:00
Victor Rask 0 0 0 -2 0 0 0 0 0 0 1/1 7:35 2:23 0:13
Vladimir Sobotka 0 1 1 -1 4 0 5 2 0 1 13/31 19:23 0:00 6:26
Players Stats for Sewer Rats
Player Name G A P +/- PIM S H SB GA TA FO MP PP MP PK MP
------------------------------------------------------------------------------------
Anthony Duclair 0 0 0 0 2 0 0 0 0 0 0/1 9:26 0:00 0:00
Connor Carrick 0 1 1 1 0 0 0 0 0 0 0/0 2:28 0:00 0:00
Dmitrij Jaskin 0 0 0 1 0 2 0 0 0 0 0/0 5:21 0:00 0:00
Erik Condra 1 0 1 0 0 2 3 1 0 0 1/3 21:04 5:38 5:18
Jarred Tinordi 0 1 1 2 0 2 0 2 0 0 0/0 20:11 5:13 2:36
Joel Edmundson 0 1 1 2 0 1 3 1 0 0 0/0 20:11 5:13 2:36
John Ramage 0 0 0 -1 0 0 1 1 0 0 0/0 8:00 0:00 0:00
Jonathan Marchessault 1 1 2 0 0 3 1 0 2 0 10/14 15:11 5:38 0:00
Joseph Blandisi 1 0 1 0 0 1 0 0 0 0 0/1 9:42 0:00 0:11
Josh Archibald 0 0 0 1 0 0 0 0 0 0 0/0 5:21 0:00 0:00
Mark Mancari 3 1 4 3 4 12 0 0 1 1 7/13 24:19 9:24 3:37
Martin Frk 0 0 0 0 2 1 0 0 2 0 0/0 9:45 0:00 0:00
Matt Lashoff 0 1 1 2 2 1 3 3 2 2 0/0 28:01 9:49 4:32
Nick Cousins 1 2 3 1 0 1 1 0 0 1 3/6 13:47 5:40 2:11
Ryan Murphy 0 0 0 -1 0 0 0 0 0 0 0/0 9:21 0:00 1:09
Steven Kampfer 0 0 0 2 0 3 0 3 1 0 0/0 29:21 9:49 5:42
Tomas Tatar 1 2 3 3 2 6 1 0 4 0 0/1 23:28 9:24 2:42
Vincent Trocheck 0 0 0 3 2 2 2 0 0 0 22/34 23:18 9:22 2:30
William Karlsson 0 2 2 0 0 1 0 1 0 0 5/8 9:52 0:00 0:00
Xavier Ouellet 0 0 0 1 0 0 0 0 0 0 0/0 2:28 0:00 0:00
3 Stars
1 - Mark Mancari (Tol)
2 - Tomas Tatar (Tol)
3 - Nick Cousins (Tol)
Power Play
Inferno - 4 on 7 Attempt(s) - 57.14%
Sewer Rats - 3 on 10 Attempt(s) - 30.00%
Penalty Kill
Inferno - 7 on 10 Attempt(s) - 70.00%
- Score 0 goal in Penalty Kill
Sewer Rats - 3 on 7 Attempt(s) - 42.86%
- Score 0 goal in Penalty Kill
Team Stat
Inferno - Hits : 21 - Faceoff Wins : 33 - Blocked Shots : 8 - Penalty Minutes : 20
Sewer Rats - Hits : 15 - Faceoff Wins : 48 - Blocked Shots : 12 - Penalty Minutes : 14
Official
Referees : Unknown
Linesman : Unknown
Game Notes
Mark Mancari has scored a Hat Trick!
Michael Hutchinson enters game at 8:14 of 2nd period
Christopher Gibson enters game at 17:46 of 2nd period
Finance
Level 1 -- Attendance: 1834 (91.70%) -- Ticket Income $64,190
Level 2 -- Attendance: 851 (85.10%) -- Ticket Income $14,467
Total Attendance: 2685 (89.50%)
Total Ticket Income: $78,657
Other Income: $3,933
Total Income: $82,590
Inferno
5 vs 5 Forward
Center Left Wing Right Wing Time % Phy DF OF
1 Vladimir Sobotka Tanner Pearson Kyle Palmieri 40 1 2 2
2 Anders Lee Matthew Nieto Bryan Rust 30 1 2 2
3 Philip Varone Matt Kassian Tyler Shattock 20 1 2 2
4 Victor Rask Peter Cehlarik Oliver Bjorkstrand 10 1 2 2
5 vs 5 Defense
Defense Defense Time % Phy DF OF
1 Colby Robak David Savard 40 1 2 2
2 Christian Folin Simon Danis-Pepin 30 1 2 2
3 Greg Pateryn Esa Lindell 20 1 2 2
4 Colby Robak David Savard 10 1 2 2
PowerPlay Forward
Center Left Wing Right Wing Time % Phy DF OF
1 Anders Lee Tanner Pearson Oliver Bjorkstrand 60 1 2 2
2 Victor Rask Matthew Nieto Kyle Palmieri 40 1 2 2
PowerPlay Defense
Defense Defense Time % Phy DF OF
1 Christian Folin David Savard 60 1 2 2
2 Esa Lindell Simon Danis-Pepin 40 1 2 2
Penalty Kill 4 Players Forward
Center Wing Time % Phy DF OF
1 Vladimir Sobotka Bryan Rust 60 1 2 2
2 Philip Varone Matt Kassian 40 1 2 2
Penalty Kill 4 Players Defense
Defense Defense Time % Phy DF OF
1 Colby Robak David Savard 60 1 2 2
2 Greg Pateryn Simon Danis-Pepin 40 1 2 2
Penalty Kill - 3 Players Forward
Forward Time % Phy DF OF
1 Vladimir Sobotka 60 1 2 2
2 Bryan Rust 40 1 2 2
Penalty Kill - 3 Players Defense
Defense Defense Time % Phy DF OF
1 Colby Robak David Savard 60 1 2 2
2 Greg Pateryn Simon Danis-Pepin 40 1 2 2
4 vs 4 Forward
Center Wing Time % Phy DF OF
1 Vladimir Sobotka Bryan Rust 60 1 2 2
2 Anders Lee Kyle Palmieri 40 1 2 2
4 vs 4 Defense
Defense Defense Time % Phy DF OF
1 Colby Robak David Savard 60 1 2 2
2 Christian Folin Simon Danis-Pepin 40 1 2 2
Last Minutes Offensive
Center Left Wing Right Wing Defense Defense
Vladimir Sobotka Tanner Pearson Kyle Palmieri Colby Robak David Savard
Last Minutes Defensive
Center Left Wing Right Wing Defense Defense
Vladimir Sobotka Tanner Pearson Bryan Rust Colby Robak David Savard
Goaltenders
Starting : Christopher Gibson
Backup : Michael Hutchinson
Extra Forwards
Normal : Bryan Rust, Matthew Nieto, Anders Lee - PP : Matthew Nieto, Oliver Bjorkstrand - PK : Bryan Rust
Extra Defensemen
Normal : Christian Folin, Esa Lindell, Greg Pateryn - PP : Esa Lindell - PK : Simon Danis-Pepin, Greg Pateryn
Penalty Shots
Kyle Palmieri, Vladimir Sobotka, Anders Lee, Tanner Pearson, Bryan Rust
Scratches
Chris Brown (Healthy), Frank Corrado (Healthy), Ryan Spooner (Healthy), Joakim Nordstrom (Healthy), Trevor Carrick (Healthy)
Petteri Lindbohm (Healthy), Daniil Tarasov (Healthy), Eric Karlsson (Healthy), John Gilmour (Healthy), Branden Troock (Healthy)
Vladimir Zharkov (Healthy), Mathieu Brodeur (Healthy), Nathan Lieuwen (Healthy)
Sewer Rats
5 vs 5 Forward
Center Left Wing Right Wing Time % Phy DF OF
1 Vincent Trocheck Tomas Tatar Mark Mancari 40 1 2 2
2 Jonathan Marchessault Anthony Duclair Erik Condra 30 1 2 2
3 William Karlsson Joseph Blandisi Martin Frk 20 1 2 2
4 Nick Cousins Josh Archibald Dmitrij Jaskin 10 1 2 2
5 vs 5 Defense
Defense Defense Time % Phy DF OF
1 Matt Lashoff Steven Kampfer 40 1 2 2
2 Jarred Tinordi Joel Edmundson 30 1 2 2
3 John Ramage Ryan Murphy 20 1 2 2
4 Connor Carrick Xavier Ouellet 10 1 2 2
PowerPlay Forward
Center Left Wing Right Wing Time % Phy DF OF
1 Vincent Trocheck Tomas Tatar Mark Mancari 60 1 2 2
2 Jonathan Marchessault Nick Cousins Erik Condra 40 1 2 2
PowerPlay Defense
Defense Defense Time % Phy DF OF
1 Matt Lashoff Steven Kampfer 60 1 2 2
2 Jarred Tinordi Joel Edmundson 40 1 2 2
Penalty Kill 4 Players Forward
Center Wing Time % Phy DF OF
1 Mark Mancari Erik Condra 60 1 2 2
2 Tomas Tatar Vincent Trocheck 40 1 2 2
Penalty Kill 4 Players Defense
Defense Defense Time % Phy DF OF
1 Matt Lashoff Steven Kampfer 60 1 2 2
2 Jarred Tinordi Joel Edmundson 40 1 2 2
Penalty Kill - 3 Players Forward
Forward Time % Phy DF OF
1 Mark Mancari 60 1 2 2
2 Erik Condra 40 1 2 2
Penalty Kill - 3 Players Defense
Defense Defense Time % Phy DF OF
1 Matt Lashoff Steven Kampfer 60 1 2 2
2 Jarred Tinordi Joel Edmundson 40 1 2 2
4 vs 4 Forward
Center Wing Time % Phy DF OF
1 Mark Mancari Erik Condra 60 1 2 2
2 Tomas Tatar Vincent Trocheck 40 1 2 2
4 vs 4 Defense
Defense Defense Time % Phy DF OF
1 Matt Lashoff Steven Kampfer 60 1 2 2
2 Jarred Tinordi Joel Edmundson 40 1 2 2
Last Minutes Offensive
Center Left Wing Right Wing Defense Defense
Vincent Trocheck Tomas Tatar Mark Mancari Matt Lashoff Steven Kampfer
Last Minutes Defensive
Center Left Wing Right Wing Defense Defense
Vincent Trocheck Tomas Tatar Mark Mancari Matt Lashoff Steven Kampfer
Goaltenders
Starting : Marek Mazanek
Backup : Antoine Bibeau
Extra Forwards
Normal : William Karlsson, Martin Frk, Nick Cousins - PP : William Karlsson, Martin Frk - PK : Nick Cousins
Extra Defensemen
Normal : John Ramage, Ryan Murphy, Connor Carrick - PP : John Ramage - PK : Ryan Murphy, Connor Carrick
Penalty Shots
Mark Mancari, Erik Condra, Tomas Tatar, Vincent Trocheck, Jonathan Marchessault
Scratches
Daniel Carr (Left Foot Injury), Dominik Kubalik (Healthy), Jonathan Racine (Healthy), Tyler Motte (Healthy), Chris Calhan (Healthy)
Sergei Kostenko (Healthy)
% Time on Ice - Inferno
Lines # - Real PCT - Wanted PCT - Time Play
Normal Forward
1 - 36% - 40% - 12:49
2 - 27% - 30% - 9:42
3 - 23% - 20% - 8:18
4 - 14% - 10% - 4:58
Normal Defense
1 - 43% - 40% - 15:20
2 - 33% - 30% - 11:45
3 - 17% - 20% - 6:15
4 - 7% - 10% - 2:27
PP Forward
1 - 71% - 60% - 5:55
2 - 29% - 40% - 2:23
PP Defense
1 - 60% - 60% - 4:58
2 - 40% - 40% - 3:20
PK Forward
1 - 75% - 60% - 11:19
2 - 25% - 40% - 3:43
PK Defense
1 - 61% - 60% - 9:06
2 - 39% - 40% - 5:56
PK3 Forward
1 - 0% - 60%
2 - 0% - 40%
PK3 Defense
1 - 0% - 60%
2 - 0% - 40%
44 Forward
1 - 100% - 60% - 0:53
2 - 0% - 40% - 0:00
44 Defense
1 - 100% - 60% - 0:53
2 - 0% - 40% - 0:00
Last Minute Offensive - 0:00
Last Minute Defensive - 0:00
Total
Forward - 60:00
Defense - 60:00
|
% Time on Ice - Sewer Rats
Lines # - Real PCT - Wanted PCT - Time Play
Normal Forward
1 - 32% - 40% - 11:30
2 - 27% - 30% - 9:33
3 - 26% - 20% - 9:23
4 - 15% - 10% - 5:21
Normal Defense
1 - 37% - 40% - 13:21
2 - 33% - 30% - 11:58
3 - 22% - 20% - 8:00
4 - 7% - 10% - 2:28
PP Forward
1 - 63% - 60% - 9:24
2 - 37% - 40% - 5:38
PP Defense
1 - 65% - 60% - 9:49
2 - 35% - 40% - 5:13
PK Forward
1 - 86% - 60% - 7:02
2 - 14% - 40% - 1:09
PK Defense
1 - 68% - 60% - 5:35
2 - 32% - 40% - 2:36
PK3 Forward
1 - 100% - 60% - 0:07
2 - 0% - 40% - 0:00
PK3 Defense
1 - 100% - 60% - 0:07
2 - 0% - 40% - 0:00
44 Forward
1 - 100% - 60% - 0:53
2 - 0% - 40% - 0:00
44 Defense
1 - 55% - 60% - 0:29
2 - 45% - 40% - 0:24
Last Minute Offensive - 0:00
Last Minute Defensive - 0:00
Total
Forward - 60:00
Defense - 60:00
|
Play-by-Play
1st period
0:01 of 1st period - Vincent Trocheck wins face-off versus Vladimir Sobotka in neutral zone.
0:04 of 1st period - Snap shot by Vincent Trocheck.
0:04 of 1st period - Stopped by Christopher Gibson with a rebound.
0:12 of 1st period - Snap shot by Tanner Pearson.
0:12 of 1st period - Shot Blocked by Steven Kampfer.
0:26 of 1st period - Anders Lee is hit by Erik Condra and loses puck.
0:49 of 1st period - Snap shot by Philip Varone.
0:49 of 1st period - Shot Misses the Net.
1:12 of 1st period - Snap shot by Dmitrij Jaskin.
1:12 of 1st period - Shot Misses the Net.
1:18 of 1st period - Wrist shot by Oliver Bjorkstrand.
1:18 of 1st period - Stopped by Marek Mazanek without a rebound.
1:19 of 1st period - Vladimir Sobotka wins face-off versus Vincent Trocheck in Sewer Rats zone.
1:20 of 1st period - Snap shot by Kyle Palmieri.
1:20 of 1st period - Stopped by Marek Mazanek without a rebound.
1:21 of 1st period - Vladimir Sobotka wins face-off versus Jonathan Marchessault in Sewer Rats zone.
1:28 of 1st period - Snap shot by Kyle Palmieri.
1:28 of 1st period - Stopped by Marek Mazanek without a rebound.
1:29 of 1st period - Erik Condra wins face-off versus Vladimir Sobotka in Sewer Rats zone.
1:54 of 1st period - John Ramage is hit by David Savard.
2:00 of 1st period - Snap shot by Anders Lee.
2:00 of 1st period - Stopped by Marek Mazanek without a rebound.
2:01 of 1st period - William Karlsson wins face-off versus Philip Varone in Sewer Rats zone.
2:01 of 1st period - William Karlsson is hit by Philip Varone.
2:33 of 1st period - Wrist shot by Kyle Palmieri.
2:33 of 1st period - Stopped by Marek Mazanek without a rebound.
2:34 of 1st period - Nick Cousins wins face-off versus Anders Lee in Sewer Rats zone.
3:20 of 1st period - Wrist shot by Jonathan Marchessault.
3:20 of 1st period - Shot Misses the Net.
3:22 of 1st period - Slapshot by Xavier Ouellet.
3:22 of 1st period - Shot Misses the Net.
3:24 of 1st period - Slapshot by Jonathan Marchessault.
3:24 of 1st period - Stopped by Christopher Gibson without a rebound.
3:25 of 1st period - William Karlsson wins face-off versus Anders Lee in Inferno zone.
3:57 of 1st period - Off-side.
3:58 of 1st period - Matt Kassian wins face-off versus Jonathan Marchessault in neutral zone.
4:01 of 1st period - Slapshot by David Savard.
4:01 of 1st period - Deflect By Philip Varone.
4:01 of 1st period - Shot Misses the Net.
4:01 of 1st period - Puck is out of play.
4:02 of 1st period - Jonathan Marchessault wins face-off versus Philip Varone in Sewer Rats zone.
4:53 of 1st period - Slapshot by Jonathan Marchessault.
4:53 of 1st period - Deflect By Erik Condra.
4:53 of 1st period - Shot Misses the Net.
4:53 of 1st period - Puck is out of play.
4:54 of 1st period - Vincent Trocheck wins face-off versus Vladimir Sobotka in Inferno zone.
5:03 of 1st period - Wrist shot by Mark Mancari.
5:03 of 1st period - Goal by Mark Mancari - Inferno : 0 - Sewer Rats : 1.
5:04 of 1st period - Vincent Trocheck wins face-off versus Vladimir Sobotka in neutral zone.
5:19 of 1st period - Wrist shot by Vincent Trocheck.
5:19 of 1st period - Shot Blocked by Vladimir Sobotka.
5:36 of 1st period - Snap shot by Martin Frk.
5:36 of 1st period - Shot Misses the Net.
5:48 of 1st period - Wrist shot by Oliver Bjorkstrand.
5:48 of 1st period - Shot Misses the Net.
5:54 of 1st period - Simon Danis-Pepin is hit by Matt Lashoff and loses puck.
6:28 of 1st period - Off-side.
6:29 of 1st period - Vincent Trocheck wins face-off versus Anders Lee in neutral zone.
6:54 of 1st period - Snap shot by Tanner Pearson.
6:54 of 1st period - Stopped by Marek Mazanek without a rebound.
6:55 of 1st period - William Karlsson wins face-off versus Vladimir Sobotka in Sewer Rats zone.
6:55 of 1st period - William Karlsson is hit by Vladimir Sobotka.
7:05 of 1st period - Snap shot by Vladimir Sobotka.
7:05 of 1st period - Shot Misses the Net.
7:07 of 1st period - Snap shot by Vladimir Sobotka.
7:07 of 1st period - Shot Misses the Net.
7:09 of 1st period - Snap shot by Kyle Palmieri.
7:09 of 1st period - Goal by Kyle Palmieri - Inferno : 1 - Sewer Rats : 1.
7:10 of 1st period - Vladimir Sobotka wins face-off versus Vincent Trocheck in neutral zone.
7:15 of 1st period - Snap shot by Kyle Palmieri.
7:15 of 1st period - Stopped by Marek Mazanek without a rebound.
7:16 of 1st period - Vladimir Sobotka wins face-off versus Vincent Trocheck in Sewer Rats zone.
8:10 of 1st period - Snap shot by Tanner Pearson.
8:10 of 1st period - Stopped by Marek Mazanek with a rebound.
9:10 of 1st period - Wrist shot by Mark Mancari.
9:10 of 1st period - Stopped by Christopher Gibson without a rebound.
9:11 of 1st period - Jonathan Marchessault wins face-off versus Anders Lee in Inferno zone.
9:21 of 1st period - Minor Penalty to Greg Pateryn for Interference.
9:22 of 1st period - Jonathan Marchessault wins face-off versus Anders Lee in Inferno zone.
9:36 of 1st period - Wrist shot by Jonathan Marchessault.
9:36 of 1st period - Stopped by Christopher Gibson without a rebound.
9:37 of 1st period - Jonathan Marchessault wins face-off versus Anders Lee in Inferno zone.
9:38 of 1st period - Wrist shot by Erik Condra.
9:38 of 1st period - Goal by Erik Condra - Inferno : 1 - Sewer Rats : 2.
9:39 of 1st period - Jonathan Marchessault wins face-off versus Anders Lee in neutral zone.
10:04 of 1st period - Victor Rask is hit by Joel Edmundson and loses puck.
10:29 of 1st period - Ryan Murphy is hit by Vladimir Sobotka and loses puck.
11:14 of 1st period - Snap shot by Erik Condra.
11:14 of 1st period - Shot Blocked by Greg Pateryn.
11:16 of 1st period - Slapshot by Steven Kampfer.
11:16 of 1st period - Stopped by Christopher Gibson without a rebound.
11:17 of 1st period - Anders Lee wins face-off versus William Karlsson in Inferno zone.
12:09 of 1st period - Nick Cousins is hit by Philip Varone and loses puck.
12:32 of 1st period - Snap shot by Tanner Pearson.
12:32 of 1st period - Stopped by Marek Mazanek with a rebound.
13:10 of 1st period - Snap shot by Oliver Bjorkstrand.
13:10 of 1st period - Stopped by Marek Mazanek without a rebound.
13:11 of 1st period - Victor Rask wins face-off versus Tomas Tatar in Sewer Rats zone.
13:22 of 1st period - Snap shot by Tomas Tatar.
13:22 of 1st period - Stopped by Christopher Gibson without a rebound.
13:23 of 1st period - Jonathan Marchessault wins face-off versus Anders Lee in Inferno zone.
13:24 of 1st period - Snap shot by Erik Condra.
13:24 of 1st period - Stopped by Christopher Gibson without a rebound.
13:25 of 1st period - Anders Lee wins face-off versus Anthony Duclair in Inferno zone.
13:32 of 1st period - Wrist shot by Anders Lee.
13:32 of 1st period - Stopped by Marek Mazanek with a rebound.
13:34 of 1st period - Slapshot by Colby Robak.
13:34 of 1st period - Deflect By Erik Condra.
13:34 of 1st period - Stopped by Marek Mazanek with a rebound.
13:36 of 1st period - Backhand shot by Bryan Rust.
13:36 of 1st period - Stopped by Marek Mazanek without a rebound.
13:37 of 1st period - Vincent Trocheck wins face-off versus Anders Lee in Sewer Rats zone.
13:37 of 1st period - Vincent Trocheck is hit by Colby Robak.
13:40 of 1st period - Minor Penalty to Mark Mancari for High sticking.
13:41 of 1st period - Anders Lee wins face-off versus Nick Cousins in Sewer Rats zone.
13:55 of 1st period - Wrist shot by Anders Lee.
13:55 of 1st period - Deflect By Tanner Pearson.
13:55 of 1st period - Shot Blocked by Matt Lashoff.
13:55 of 1st period - Puck is out of play.
13:56 of 1st period - Anders Lee wins face-off versus Nick Cousins in Sewer Rats zone.
14:05 of 1st period - Snap shot by Anders Lee.
14:05 of 1st period - Deflect By Tanner Pearson.
14:05 of 1st period - Shot Blocked by Erik Condra.
14:05 of 1st period - Puck is out of play.
14:06 of 1st period - Nick Cousins wins face-off versus Anders Lee in Sewer Rats zone.
14:15 of 1st period - Wrist shot by Erik Condra.
14:15 of 1st period - Shot Blocked by David Savard.
14:29 of 1st period - Wrist shot by Anders Lee.
14:29 of 1st period - Shot Misses the Net.
14:58 of 1st period - Slapshot by Tanner Pearson.
14:58 of 1st period - Shot Misses the Net.
15:00 of 1st period - Snap shot by Anders Lee.
15:00 of 1st period - Shot Blocked by Jarred Tinordi.
15:02 of 1st period - Slapshot by Anders Lee.
15:02 of 1st period - Stopped by Marek Mazanek with a rebound.
15:10 of 1st period - Wrist shot by Anders Lee.
15:10 of 1st period - Shot Blocked by Jarred Tinordi.
15:18 of 1st period - Snap shot by Tanner Pearson.
15:18 of 1st period - Shot Blocked by Joel Edmundson.
15:20 of 1st period - Backhand shot by Tanner Pearson.
15:20 of 1st period - Goal by Tanner Pearson - Inferno : 2 - Sewer Rats : 2.
15:21 of 1st period - Jonathan Marchessault wins face-off versus Philip Varone in neutral zone.
15:24 of 1st period - Slapshot by Erik Condra.
15:24 of 1st period - Shot Misses the Net.
15:26 of 1st period - Minor Penalty to Tyler Shattock for High sticking.
15:27 of 1st period - Vladimir Sobotka wins face-off versus Vincent Trocheck in Inferno zone.
17:26 of 1st period - Penalty to Tyler Shattock is over, Tyler Shattock is back on ice.
18:03 of 1st period - Snap shot by Matt Kassian.
18:03 of 1st period - Stopped by Marek Mazanek without a rebound.
18:04 of 1st period - Jonathan Marchessault wins face-off versus Philip Varone in Sewer Rats zone.
18:11 of 1st period - Snap shot by Erik Condra.
18:11 of 1st period - Shot Blocked by Simon Danis-Pepin.
19:05 of 1st period - Wrist shot by Anthony Duclair.
19:05 of 1st period - Shot Misses the Net.
19:07 of 1st period - Slapshot by Jarred Tinordi.
19:07 of 1st period - Deflect By Greg Pateryn.
19:07 of 1st period - Stopped by Christopher Gibson with a rebound.
19:09 of 1st period - Snap shot by Jonathan Marchessault.
19:09 of 1st period - Deflect By Anthony Duclair.
19:09 of 1st period - Shot Misses the Net.
19:09 of 1st period - Puck is out of play.
19:10 of 1st period - Vincent Trocheck wins face-off versus Anders Lee in Inferno zone.
19:11 of 1st period - Slapshot by Mark Mancari.
19:11 of 1st period - Stopped by Christopher Gibson with a rebound.
19:23 of 1st period - Slapshot by Anders Lee.
19:23 of 1st period - Shot Misses the Net.
19:35 of 1st period - Matt Lashoff is hit by Vladimir Sobotka and loses puck.
19:47 of 1st period - Icing by Steven Kampfer.
19:48 of 1st period - Anders Lee wins face-off versus Erik Condra in Sewer Rats zone.
Goals for this period are 2 for Inferno vs 2 for Sewer Rats.
Shots for this period are 17 for Inferno vs 11 for Sewer Rats.
2nd period
0:01 of 2nd period - Vladimir Sobotka wins face-off versus Vincent Trocheck in neutral zone.
0:28 of 2nd period - Slapshot by Colby Robak.
0:28 of 2nd period - Stopped by Marek Mazanek with a rebound.
0:30 of 2nd period - Slapshot by Colby Robak.
0:30 of 2nd period - Stopped by Marek Mazanek with a rebound.
0:32 of 2nd period - Wrist shot by Colby Robak.
0:32 of 2nd period - Shot Misses the Net.
0:34 of 2nd period - Snap shot by Anders Lee.
0:34 of 2nd period - Shot Blocked by Steven Kampfer.
0:36 of 2nd period - Snap shot by Anders Lee.
0:36 of 2nd period - Stopped by Marek Mazanek with a rebound.
0:38 of 2nd period - Slapshot by Bryan Rust.
0:38 of 2nd period - Shot Misses the Net.
1:43 of 2nd period - Slapshot by Mark Mancari.
1:43 of 2nd period - Deflect By Esa Lindell.
1:43 of 2nd period - Goal by Mark Mancari - Inferno : 2 - Sewer Rats : 3.
1:44 of 2nd period - Vincent Trocheck wins face-off versus Vladimir Sobotka in neutral zone.
1:44 of 2nd period - Vincent Trocheck is hit by Vladimir Sobotka.
1:50 of 2nd period - Snap shot by Tomas Tatar.
1:50 of 2nd period - Stopped by Christopher Gibson with a rebound.
2:47 of 2nd period - Backhand shot by Steven Kampfer.
2:47 of 2nd period - Stopped by Christopher Gibson with a rebound.
2:50 of 2nd period - Icing by Bryan Rust.
2:51 of 2nd period - Vincent Trocheck wins face-off versus Anders Lee in Inferno zone.
3:15 of 2nd period - Minor Penalty to Anthony Duclair for Hooking.
3:16 of 2nd period - Anders Lee wins face-off versus Mark Mancari in Sewer Rats zone.
5:15 of 2nd period - Penalty to Anthony Duclair is over, Anthony Duclair is back on ice.
5:25 of 2nd period - Off-side.
5:26 of 2nd period - Philip Varone wins face-off versus William Karlsson in neutral zone.
5:56 of 2nd period - Wrist shot by Philip Varone.
5:56 of 2nd period - Stopped by Marek Mazanek with a rebound.
5:58 of 2nd period - Slapshot by David Savard.
5:58 of 2nd period - Shot Misses the Net.
6:10 of 2nd period - Snap shot by Tyler Shattock.
6:10 of 2nd period - Shot Misses the Net.
6:12 of 2nd period - Snap shot by Matt Kassian.
6:12 of 2nd period - Shot Misses the Net.
6:14 of 2nd period - Wrist shot by Tyler Shattock.
6:14 of 2nd period - Stopped by Marek Mazanek without a rebound.
6:15 of 2nd period - Vincent Trocheck wins face-off versus Vladimir Sobotka in Sewer Rats zone.
6:42 of 2nd period - Bryan Rust is hit by Jonathan Marchessault and loses puck.
8:14 of 2nd period - Backhand shot by Mark Mancari.
8:14 of 2nd period - Goal by Mark Mancari - Inferno : 2 - Sewer Rats : 4.
8:14 of 2nd period - Michael Hutchinson enters game.
8:15 of 2nd period - Vincent Trocheck wins face-off versus Vladimir Sobotka in neutral zone.
8:15 of 2nd period - Vincent Trocheck is hit by Colby Robak.
8:26 of 2nd period - Colby Robak is hit by Vincent Trocheck and loses puck.
8:37 of 2nd period - Minor Penalty to Vincent Trocheck for Hooking.
8:38 of 2nd period - Mark Mancari wins face-off versus Anders Lee in Sewer Rats zone.
8:48 of 2nd period - Off-side.
8:49 of 2nd period - Mark Mancari wins face-off versus Anders Lee in neutral zone.
9:03 of 2nd period - Minor Penalty to Matt Lashoff for Tripping.
9:04 of 2nd period - Anders Lee wins face-off versus Mark Mancari in Sewer Rats zone.
9:04 of 2nd period - Slapshot by Christian Folin.
9:04 of 2nd period - Shot Blocked by Steven Kampfer.
9:08 of 2nd period - Wrist shot by Anders Lee.
9:08 of 2nd period - Shot Misses the Net.
9:10 of 2nd period - Slapshot by Christian Folin.
9:10 of 2nd period - Goal by Christian Folin - Inferno : 3 - Sewer Rats : 4.
9:11 of 2nd period - Mark Mancari wins face-off versus Anders Lee in neutral zone.
10:59 of 2nd period - Tomas Tatar is hit by David Savard and loses puck.
11:03 of 2nd period - Penalty to Matt Lashoff is over, Matt Lashoff is back on ice.
11:14 of 2nd period - Wrist shot by William Karlsson.
11:14 of 2nd period - Stopped by Michael Hutchinson without a rebound.
11:15 of 2nd period - Philip Varone wins face-off versus William Karlsson in Inferno zone.
11:25 of 2nd period - Wrist shot by Joseph Blandisi.
11:25 of 2nd period - Goal by Joseph Blandisi - Inferno : 3 - Sewer Rats : 5.
11:26 of 2nd period - Vincent Trocheck wins face-off versus Vladimir Sobotka in neutral zone.
11:28 of 2nd period - Minor Penalty to Vladimir Sobotka for Kneeing.
11:29 of 2nd period - Anders Lee wins face-off versus Vincent Trocheck in Inferno zone.
11:37 of 2nd period - Wrist shot by Bryan Rust.
11:37 of 2nd period - Stopped by Marek Mazanek without a rebound.
11:38 of 2nd period - Anders Lee wins face-off versus Vincent Trocheck in Sewer Rats zone.
12:01 of 2nd period - Slapshot by Mark Mancari.
12:01 of 2nd period - Deflect By Tomas Tatar.
12:01 of 2nd period - Stopped by Michael Hutchinson with a rebound.
12:47 of 2nd period - Snap shot by Steven Kampfer.
12:47 of 2nd period - Stopped by Michael Hutchinson without a rebound.
12:48 of 2nd period - Anders Lee wins face-off versus Jonathan Marchessault in Inferno zone.
12:51 of 2nd period - Wrist shot by Jonathan Marchessault.
12:51 of 2nd period - Goal by Jonathan Marchessault - Inferno : 3 - Sewer Rats : 6.
12:52 of 2nd period - Vladimir Sobotka wins face-off versus Erik Condra in neutral zone.
13:05 of 2nd period - Slapshot by Tanner Pearson.
13:05 of 2nd period - Stopped by Marek Mazanek with a rebound.
13:07 of 2nd period - Slapshot by David Savard.
13:07 of 2nd period - Stopped by Marek Mazanek with a rebound.
13:45 of 2nd period - Snap shot by Dmitrij Jaskin.
13:45 of 2nd period - Stopped by Michael Hutchinson without a rebound.
13:46 of 2nd period - Vladimir Sobotka wins face-off versus Vincent Trocheck in Inferno zone.
13:46 of 2nd period - Vladimir Sobotka is hit by Matt Lashoff.
13:49 of 2nd period - Minor Penalty to Simon Danis-Pepin for Hooking.
13:50 of 2nd period - Vincent Trocheck wins face-off versus Vladimir Sobotka in Inferno zone.
13:54 of 2nd period - Slapshot by Tomas Tatar.
13:54 of 2nd period - Stopped by Michael Hutchinson with a rebound.
13:56 of 2nd period - Slapshot by Steven Kampfer.
13:56 of 2nd period - Deflect By Mark Mancari.
13:56 of 2nd period - Stopped by Michael Hutchinson with a rebound.
13:58 of 2nd period - Slapshot by Matt Lashoff.
13:58 of 2nd period - Deflect By Vincent Trocheck.
13:58 of 2nd period - Shot Misses the Net.
13:58 of 2nd period - Puck is out of play.
13:59 of 2nd period - Vincent Trocheck wins face-off versus Vladimir Sobotka in Inferno zone.
14:02 of 2nd period - Wrist shot by Mark Mancari.
14:02 of 2nd period - Stopped by Michael Hutchinson with a rebound.
14:04 of 2nd period - Slapshot by Matt Lashoff.
14:04 of 2nd period - Deflect By Colby Robak.
14:04 of 2nd period - Stopped by Michael Hutchinson without a rebound.
14:05 of 2nd period - Vladimir Sobotka wins face-off versus Mark Mancari in Inferno zone.
14:39 of 2nd period - Off-side.
14:40 of 2nd period - Vincent Trocheck wins face-off versus Philip Varone in neutral zone.
14:43 of 2nd period - Greg Pateryn is hit by Tomas Tatar and loses puck.
14:50 of 2nd period - Wrist shot by Tomas Tatar.
14:50 of 2nd period - Shot Misses the Net.
14:52 of 2nd period - Snap shot by Tomas Tatar.
14:52 of 2nd period - Goal by Tomas Tatar - Inferno : 3 - Sewer Rats : 7.
14:53 of 2nd period - Vladimir Sobotka wins face-off versus Vincent Trocheck in neutral zone.
14:53 of 2nd period - Kyle Palmieri is hit by Vincent Trocheck and loses puck.
15:18 of 2nd period - Matthew Nieto is hit by Erik Condra and loses puck.
15:48 of 2nd period - Minor Penalty to Martin Frk for Hooking.
15:49 of 2nd period - Anders Lee wins face-off versus Mark Mancari in Sewer Rats zone.
15:57 of 2nd period - Slapshot by Christian Folin.
15:57 of 2nd period - Stopped by Marek Mazanek without a rebound.
15:58 of 2nd period - Anders Lee wins face-off versus Mark Mancari in Sewer Rats zone.
16:29 of 2nd period - Snap shot by Tanner Pearson.
16:29 of 2nd period - Shot Blocked by Matt Lashoff.
16:31 of 2nd period - Slapshot by Simon Danis-Pepin.
16:31 of 2nd period - Deflect By Tanner Pearson.
16:31 of 2nd period - Goal by Tanner Pearson - Inferno : 4 - Sewer Rats : 7.
16:32 of 2nd period - Vincent Trocheck wins face-off versus Vladimir Sobotka in neutral zone.
16:35 of 2nd period - Snap shot by Mark Mancari.
16:35 of 2nd period - Stopped by Michael Hutchinson with a rebound.
17:21 of 2nd period - Colby Robak is hit by Joel Edmundson and loses puck.
17:44 of 2nd period - Slapshot by Jarred Tinordi.
17:44 of 2nd period - Stopped by Michael Hutchinson with a rebound.
17:46 of 2nd period - Wrist shot by Nick Cousins.
17:46 of 2nd period - Goal by Nick Cousins - Inferno : 4 - Sewer Rats : 8.
17:46 of 2nd period - Christopher Gibson enters game.
17:47 of 2nd period - Vladimir Sobotka wins face-off versus Vincent Trocheck in neutral zone.
17:51 of 2nd period - Minor Penalty to Kyle Palmieri for Hooking.
17:52 of 2nd period - Mark Mancari wins face-off versus Vladimir Sobotka in Inferno zone.
19:51 of 2nd period - Penalty to Kyle Palmieri is over, Kyle Palmieri is back on ice.
Goals for this period are 2 for Inferno vs 6 for Sewer Rats.
Shots for this period are 11 for Inferno vs 18 for Sewer Rats.
3rd period
0:01 of 3rd period - Vincent Trocheck wins face-off versus Vladimir Sobotka in neutral zone.
0:14 of 3rd period - Wrist shot by Tomas Tatar.
0:14 of 3rd period - Stopped by Christopher Gibson without a rebound.
0:15 of 3rd period - Jonathan Marchessault wins face-off versus Anders Lee in Inferno zone.
0:40 of 3rd period - Mark Mancari is hit by Kyle Palmieri and loses puck.
0:47 of 3rd period - Backhand shot by Steven Kampfer.
0:47 of 3rd period - Shot Misses the Net.
1:09 of 3rd period - Snap shot by Dmitrij Jaskin.
1:09 of 3rd period - Stopped by Christopher Gibson without a rebound.
1:10 of 3rd period - Anders Lee wins face-off versus Nick Cousins in Inferno zone.
1:15 of 3rd period - Slapshot by David Savard.
1:15 of 3rd period - Stopped by Marek Mazanek with a rebound.
1:32 of 3rd period - Minor Penalty to Mark Mancari for High sticking.
1:33 of 3rd period - Nick Cousins wins face-off versus Oliver Bjorkstrand in Sewer Rats zone.
1:44 of 3rd period - Snap shot by Tanner Pearson.
1:44 of 3rd period - Stopped by Marek Mazanek with a rebound.
1:46 of 3rd period - Wrist shot by Anders Lee.
1:46 of 3rd period - Shot Blocked by Matt Lashoff.
2:00 of 3rd period - Vincent Trocheck is hit by Kyle Palmieri and loses puck.
2:38 of 3rd period - Minor Penalty to Esa Lindell for Slashing.
2:39 of 3rd period - William Karlsson wins face-off versus Vladimir Sobotka in Inferno zone.
3:21 of 3rd period - Wrist shot by Martin Frk.
3:21 of 3rd period - Shot Misses the Net.
3:32 of 3rd period - Penalty to Mark Mancari is over, Mark Mancari is back on ice.
3:48 of 3rd period - Slapshot by Joel Edmundson.
3:48 of 3rd period - Stopped by Christopher Gibson without a rebound.
3:49 of 3rd period - Philip Varone wins face-off versus Vincent Trocheck in Inferno zone.
4:08 of 3rd period - Snap shot by Matt Lashoff.
4:08 of 3rd period - Shot Misses the Net.
4:38 of 3rd period - Penalty to Esa Lindell is over, Esa Lindell is back on ice.
5:11 of 3rd period - Off-side.
5:12 of 3rd period - Vincent Trocheck wins face-off versus Philip Varone in neutral zone.
5:14 of 3rd period - Minor Penalty to Tomas Tatar for Slashing.
5:15 of 3rd period - Mark Mancari wins face-off versus Anders Lee in Sewer Rats zone.
5:15 of 3rd period - Matt Lashoff is hit by Oliver Bjorkstrand and loses puck.
5:24 of 3rd period - Off-side.
5:25 of 3rd period - Mark Mancari wins face-off versus Anders Lee in neutral zone.
5:25 of 3rd period - Mark Mancari is hit by Simon Danis-Pepin.
5:37 of 3rd period - Wrist shot by Anders Lee.
5:37 of 3rd period - Stopped by Marek Mazanek with a rebound.
5:39 of 3rd period - Slapshot by Oliver Bjorkstrand.
5:39 of 3rd period - Goal by Oliver Bjorkstrand - Inferno : 5 - Sewer Rats : 8.
5:40 of 3rd period - Vincent Trocheck wins face-off versus Tanner Pearson in neutral zone.
5:54 of 3rd period - Off-side.
5:55 of 3rd period - Jonathan Marchessault wins face-off versus Anders Lee in neutral zone.
5:58 of 3rd period - Snap shot by Erik Condra.
5:58 of 3rd period - Shot Blocked by David Savard.
6:26 of 3rd period - Vincent Trocheck is hit by Tanner Pearson.
6:47 of 3rd period - Minor Penalty to Tyler Shattock for Holding.
6:48 of 3rd period - Vincent Trocheck wins face-off versus Vladimir Sobotka in Inferno zone.
6:58 of 3rd period - Snap shot by Mark Mancari.
6:58 of 3rd period - Stopped by Christopher Gibson with a rebound.
7:00 of 3rd period - Slapshot by Mark Mancari.
7:00 of 3rd period - Stopped by Christopher Gibson without a rebound.
7:01 of 3rd period - Vincent Trocheck wins face-off versus Vladimir Sobotka in Inferno zone.
8:47 of 3rd period - Penalty to Tyler Shattock is over, Tyler Shattock is back on ice.
9:05 of 3rd period - Wrist shot by William Karlsson.
9:05 of 3rd period - Shot Misses the Net.
9:12 of 3rd period - Greg Pateryn is hit by John Ramage and loses puck.
9:29 of 3rd period - Slapshot by Greg Pateryn.
9:29 of 3rd period - Shot Blocked by John Ramage.
10:05 of 3rd period - Snap shot by Matthew Nieto.
10:05 of 3rd period - Shot Blocked by William Karlsson.
10:33 of 3rd period - Jarred Tinordi is hit by David Savard and loses puck.
10:46 of 3rd period - Colby Robak is hit by Nick Cousins and loses puck.
11:01 of 3rd period - Martin Frk is hit by Bryan Rust and loses puck.
11:08 of 3rd period - Backhand shot by Anders Lee.
11:08 of 3rd period - Stopped by Marek Mazanek with a rebound.
11:10 of 3rd period - Slapshot by Esa Lindell.
11:10 of 3rd period - Stopped by Marek Mazanek with a rebound.
11:50 of 3rd period - Minor Penalty to Kyle Palmieri for Tripping.
11:51 of 3rd period - Vladimir Sobotka wins face-off versus Vincent Trocheck in Inferno zone.
11:58 of 3rd period - Off-side.
11:59 of 3rd period - Vincent Trocheck wins face-off versus Vladimir Sobotka in neutral zone.
12:22 of 3rd period - Snap shot by Mark Mancari.
12:22 of 3rd period - Shot Blocked by David Savard.
12:24 of 3rd period - Slapshot by Matt Lashoff.
12:24 of 3rd period - Shot Blocked by Bryan Rust.
12:26 of 3rd period - Slapshot by Matt Lashoff.
12:26 of 3rd period - Shot Blocked by Vladimir Sobotka.
12:28 of 3rd period - Slapshot by Steven Kampfer.
12:28 of 3rd period - Shot Misses the Net.
12:30 of 3rd period - Wrist shot by Mark Mancari.
12:30 of 3rd period - Stopped by Christopher Gibson with a rebound.
12:32 of 3rd period - Slapshot by Matt Lashoff.
12:32 of 3rd period - Deflect By Vincent Trocheck.
12:32 of 3rd period - Shot Misses the Net.
12:32 of 3rd period - Puck is out of play.
12:33 of 3rd period - Philip Varone wins face-off versus Jonathan Marchessault in Inferno zone.
12:33 of 3rd period - Philip Varone is hit by Joel Edmundson.
13:04 of 3rd period - Matt Lashoff is hit by Simon Danis-Pepin.
13:22 of 3rd period - David Savard is hit by Matt Lashoff and loses puck.
13:50 of 3rd period - Penalty to Kyle Palmieri is over, Kyle Palmieri is back on ice.
14:07 of 3rd period - Backhand shot by William Karlsson.
14:07 of 3rd period - Deflect By Martin Frk.
14:07 of 3rd period - Stopped by Christopher Gibson without a rebound.
14:08 of 3rd period - Philip Varone wins face-off versus Joseph Blandisi in Inferno zone.
14:17 of 3rd period - Martin Frk is hit by Philip Varone and loses puck.
14:38 of 3rd period - Wrist shot by Tomas Tatar.
14:38 of 3rd period - Deflect By Vincent Trocheck.
14:38 of 3rd period - Stopped by Christopher Gibson with a rebound.
14:41 of 3rd period - Minor Penalty to Vladimir Sobotka for Interference.
14:42 of 3rd period - Vincent Trocheck wins face-off versus Anders Lee in Inferno zone.
14:47 of 3rd period - Snap shot by Mark Mancari.
14:47 of 3rd period - Stopped by Christopher Gibson without a rebound.
14:48 of 3rd period - Mark Mancari wins face-off versus Bryan Rust in Inferno zone.
15:33 of 3rd period - Vincent Trocheck is hit by Matt Kassian.
16:41 of 3rd period - Penalty to Vladimir Sobotka is over, Vladimir Sobotka is back on ice.
17:35 of 3rd period - Off-side.
17:36 of 3rd period - William Karlsson wins face-off versus Philip Varone in neutral zone.
18:01 of 3rd period - Joel Edmundson is hit by Vladimir Sobotka and loses puck.
18:26 of 3rd period - Esa Lindell is hit by Erik Condra and loses puck.
18:41 of 3rd period - Minor Penalty to Matthew Nieto for Hooking.
18:42 of 3rd period - Vladimir Sobotka wins face-off versus Mark Mancari in Inferno zone.
Goals for this period are 1 for Inferno vs 0 for Sewer Rats.
Shots for this period are 6 for Inferno vs 9 for Sewer Rats.
Back to the Top